 Dungeon Crawl Stone Soup version 0.19-a0-1886-gd64a0f0 (webtiles) character file.

159 Psiweapon the Slasher (level 5, -3/42 HPs)
             Began as a Minotaur Gladiator on Oct 16, 2016.
             Slain by a hobgoblin
             ... wielding a +0 club
              (5 damage)
             ... on level 2 of the Dungeon.
             The game lasted 00:03:27 (972 turns).

Psiweapon the Slasher (Minotaur Gladiator)           Turns: 972, Time: 00:03:28

Health: -3/42      AC:  3    Str: 19    XL:     5   Next: 17%
Magic:  4/4        EV: 13    Int:  5    God:
Gold:   102        SH:  0    Dex: 12    Spells: 0 memorised, 4 levels left

rFire  . . .     SeeInvis .     a - +0 long sword
rCold  . . .     Gourm    .     h - +0 leather armour
rNeg   + . .     Faith    .     (no shield)
rPois  .         Spirit   .     c - +0 hat
rElec  .         Dismiss  .     (no cloak)
rCorr  .         Reflect  .     (no gloves)
MR     .....     Harm     .     (no boots)
Stlth  +.........               (no amulet)
                                (no ring)
                                m - ring of positive energy

@: very slightly contaminated, invisible
A: retaliatory headbutt, horns 2
a: no special abilities


You were on level 2 of the Dungeon.
You were not hungry.

You visited 1 branch of the dungeon, and saw 2 of its levels.

You collected 102 gold pieces.

Inventory:

Hand Weapons
 a - a +0 long sword (weapon)
 b - a +0 hunting sling
Missiles
 d - 3 throwing nets (quivered)
 k - 19 stones
Armour
 c - a +0 hat (worn)
 h - a +0 leather armour (worn)
Jewellery
 m - a ring of positive energy (left hand)
Scrolls
 e - a scroll of random uselessness {unknown}
 i - a scroll of magic mapping {unknown}
 n - a scroll of noise {unknown}
 o - a scroll of enchant armour {unknown}
Potions
 g - a potion of invisibility
 j - 2 potions of degeneration {unknown}
 q - a potion of agility {unknown}
Comestibles
 f - a bread ration
 l - 3 chunks of flesh
 p - a meat ration


   Skills:
 - Level 2.4 Fighting
 * Level 6.3 Long Blades
 - Level 2.0 Throwing
 + Level 4.4 Dodging


You had 4 spell levels left.
You didn't know any spells.

Dungeon Overview and Level Annotations

Branches:
Dungeon (2/15)

Altars:

Annotations:
D:2 Robin


Innate Abilities, Weirdness & Mutations

You reflexively headbutt those who attack you in melee.
You have a pair of horns on your head.


Message History

The goblin closely misses you. Robin throws the goblin at you!
You fade into invisibility!
The goblin barely misses you. You furiously retaliate!
You headbutt the goblin.
You kill the goblin!
The goblin closely misses you.
You riposte.
You slash the goblin!
You kill the goblin!
You are very lightly contaminated with residual magic.
The hobgoblin no longer looks unusually strong.
The hobgoblin no longer looks unusually strong.
You see here a glowing dark potion.
The hobgoblin barely misses you.
A hobgoblin comes into view. It is wielding a club.
The hobgoblin shouts!
The hobgoblin shouts!
Robin laughs in a distinctly smug fashion.
The hobgoblin hits you with a club.
* * * LOW HITPOINT WARNING * * *
There is a stone staircase leading up here.
The hobgoblin hits you with a club.
You die...

#..... #..... #########......
#......##.##..# ##......#..##..#
###.......#.##...# ########
#...........#...## )....^.#
#.[......#.##...## .......#
#@.........†...... .<†)...#
#g................ .).?...#
#g........#)......
..))...#########g........#.......
....†(..!..g.g...................
.......##########.......[........
.......# ##....#.##.......
#....### #########..........
#..... ...................


You could see Robin and 2 hobgoblins.

Vanquished Creatures
  Terence (D:2)
  Natasha (thrice) (D:2)
  2 adders (D:2)
  A dart slug (D:2)
  8 bats
  8 goblins
  6 hobgoblins
  2 jackals (D:1)
  2 quokkas (D:2)
  A frilled lizard (D:2)
  2 kobolds (D:1)
  5 rats
41 creatures vanquished.

Notes
Turn   | Place    | Note
-------+----------+-------------------------------------------
     0 | D:1      | Psiweapon the Minotaur Gladiator began the quest for the Orb.
     0 | D:1      | Reached XP level 1. HP: 18/18 MP: 0/0
    26 | D:1      | Reached skill level 4 in Long Blades
   119 | D:2      | Noticed Natasha
   121 | D:2      | Reached XP level 2. HP: 23/25 MP: 1/1
   123 | D:2      | Noticed a crimson imp
   127 | D:2      | Killed Natasha
   127 | D:2      | Reached skill level 5 in Long Blades
   127 | D:2      | Reached XP level 3. HP: 16/30 MP: 2/2
   152 | D:2      | Noticed Terence
   275 | D:2      | Killed Terence
   275 | D:2      | Reached XP level 4. HP: 37/37 MP: 3/3
   501 | D:2      | Noticed Natasha
   521 | D:2      | Killed Natasha
   611 | D:2      | Noticed Natasha
   752 | D:2      | Killed Natasha
   752 | D:2      | Reached skill level 6 in Long Blades
   752 | D:2      | Reached XP level 5. HP: 42/42 MP: 4/4
   938 | D:2      | Noticed Robin
   968 | D:2      | HP: 2/42 [hobgoblin/club (5)]
   972 | D:2      | Slain by a hobgoblin

Vault maps used:
D:1:      minmay_arrival_jagged
D:2:      uniq_terence, uniq_natasha, uniq_robin

Skill      XL: |  1  2  3  4 |
---------------+-------------+-----
Long Blades    | 4 5 6 |  6.3
Dodging        | 4 |  4.4
Fighting       | |  2.4
Throwing       | |  2.0

Action                   |  1- 3 |  4- 6 || total
-------------------------+-------+-------++-------
Melee: Long sword        |    21 |    14 ||    35
       Headbutt          |     3 |     2 ||     5
       Hunting sling     |       |     1 ||     1
 Fire: Hunting sling     |     6 |    23 ||    29
  Use: Potion            |       |     3 ||     3
Armor: Leather armour    |     6 |     6 ||    12
Dodge: Dodged            |    19 |    35 ||    54
       Rpst.: Long sword |     7 |     6 ||    13
